 Dungeon Crawl Stone Soup version 0.31-a0-102-g33a4ccc0cb (webtiles) character file.

Game seed: 15192938252074196985

3 Esekla the Sneak (level 1, 16/16 HPs)
             Began as an Octopode Delver on May 26, 2023.
             Quit the game on level 4 of the Dungeon.
             The game lasted 00:01:26 (154 turns).

Esekla the Sneak (Octopode Delver)                   Turns: 154, Time: 00:01:26

Health: 16/16      AC:  1    Str: 11    XL:     1   Next: 50%
Magic:  1/1        EV: 13    Int: 12    God:
Gold:   9          SH:  0    Dex: 13    Spells: 0/0 levels left

rFire   . . .        a - +0 falchion
rCold   . . .        (no shield)
rNeg    . . .        (helmet restricted)
rPois   .            (no amulet)
rElec   .            (no ring)
rCorr   .            (no ring)
SInv    .            (no ring)
Will    .....        (no ring)
Stlth   ++++         (no ring)
HPRegen 0.22/turn    (no ring)
MPRegen 0.07/turn    (no ring)
                     (no ring)

%: no passive effects
@: hasted, very quick
A: almost no armour, amphibious, 8 rings, camouflage 1, gelatinous body 1,
(nimble swimmer 1), tentacles
a: no special abilities


You were on level 4 of the Dungeon.
You visited 1 branch of the dungeon, and saw 2 of its levels.

You collected 9 gold pieces.

Inventory:

Hand Weapons
 a - a +0 falchion (weapon)
Wands
 c - a wand of quicksilver (13)
 f - a wand of digging (3)
Scrolls
 b - a scroll of fog
 d - a scroll of fear


   Skills:
 + Level 3.0 Fighting
 + Level 2.0 Long Blades
 + Level 2.0 Dodging
 + Level 6.8 Stealth


You couldn't memorise any spells.
You didn't know any spells.
Your spell library contained the following spells:

 Spells                   Type           Power      Damage    Failure   Level
 Blink                    Tloc           0%         N/A       45%         2
 Lesser Beckoning         Tloc           0%         N/A       45%         2
 Momentum Strike          Conj/Tloc      0%         3d8       45%         2


Dungeon Overview and Level Annotations

Branches:
Dungeon (5/15)
 Temple: D:4-7

Altars:
Kikubaaqudgha


Innate Abilities, Weirdness & Mutations

You cannot wear most types of armour.
You are amphibious.
You can wear up to eight rings at the same time.
Your skin changes colour to match your surroundings (Stealth+).
Your rubbery body absorbs attacks. (AC +1, EV +1)
((You are camouflaged when in or above water. (Stealth+)))
You have tentacles for arms and can constrict up to eight enemies at once.


Message History

The gnoll attacks as you move away! The gnoll barely misses you. x2
The gnoll attacks as you move away! The gnoll completely misses you.
Found a stone staircase leading up.
Found an ancient bone altar of Kikubaaqudgha.
You enter the deep water.
The white imp shouts!
The gnoll is no longer moving quickly.
You enter the deep water.
The gnoll closely misses you.
The gnoll is no longer moving quickly. x3
The gnoll bouda gazes fiercely through you!
You feel your attacks grow feeble.
The gnoll is no longer moving quickly.
The gnoll closely misses you.
There is a stone staircase leading up here.
You climb upwards.
Your attacks no longer feel as feeble.
Found a book of Spatial Translocations.
There is a stone staircase leading down here.
Found a bronze wand.
A worm comes into view.
You see here a book of Spatial Translocations.
You pick up a book of Spatial Translocations and begin reading...
You add the spells Blink, Momentum Strike and Lesser Beckoning to your library.
You hit the worm. You grab the worm.
The worm is lightly wounded.
You constrict the worm. The worm completely misses you.
You hit the worm.
The worm is moderately wounded.
You constrict the worm. You hit the worm.
You squeeze the worm, but do no damage.
The worm is heavily wounded.
You constrict the worm. The worm bites you but does no damage.
You hit the worm.
The worm is severely wounded.
You constrict the worm. You hit the worm.
You kill the worm!
Found a robe.
c - a wand of quicksilver (13)
You see here a worm corpse.
Are you sure you want to abandon this character and quit the game? (Confirm with "yes".)

#.#.##.## #.......##
##........##
#..........#
##.........#
##........#
##.......##
#####.........######
............@.......
#####.....#†..######
##......#...#
##.####.##.# #.# .#
.# #.# .# # #.# [#
..# .# #. ..


There were no monsters in sight!

Vanquished Creatures
  A worm (D:4)
1 creature vanquished.

Notes
Turn   | Place    | Note
-------+----------+-------------------------------------------
     0 | D:5      | Esekla the Octopode Delver began the quest for the Orb.
     0 | D:5      | Reached XP level 1. HP: 16/16 MP: 1/1
    22 | D:5      | Noticed a centaur
   103 | D:5      | Noticed a gnoll bouda
   104 | D:5      | Noticed an iguana
   115 | D:5      | Found an ancient bone altar of Kikubaaqudgha.
   154 | D:4      | Quit the game

Illustrated notes

Levels and vault maps discovered:
D:4:      layout_loops_ring, mainiacjoe_overflow_small_starburst,
          mainiacjoe_overflow_boulevard, uniq_robin
D:5:      layout_basic, mainiacjoe_overflow_catwalk

Action                     || total
---------------------------++-------
  Melee: Falchion          ||     5
         Constrict         ||     1
         Tentacles         ||     1
    Use: Scroll            ||     1
         Potion            ||     1
 Armour: Skin              ||     1
  Dodge: Dodged            ||     7

Table legend: (Time is in decaauts)
 A = Elapsed time spent in this place.
 B = Non-inter-level travel time spent in this place.
 C = Inter-level travel time spent in this place.
 D = Time resting spent in this place.
 E = Time spent auto-exploring this place.
 F = Levels seen in this place.
 G = Mean time per level.
                   A        B        C        D        E       F      G
               +--------+--------+--------+--------+--------+-----+--------+
         Total |    139 |    139 |      0 |      0 |      0 |   2 |   69.5 |
       Dungeon |    139 |    139 |      0 |      0 |      0 |   2 |   69.5 |
               +--------+--------+--------+--------+--------+-----+--------+

Top non-repeatable levels by time:
     D:5: 123 daAuts
     D:4: 16 daAuts
